 Dungeon Crawl Stone Soup version 0.25.0-46-gbd7b0854d2 (webtiles) character file.

Game seed: 1909485377010032227

22 Descartes the Sneak (level 2, -2/11 HPs)
             Began as a Felid Wanderer on July 14, 2020.
             Slain by a kobold
             ... wielding a +0 whip
              (3 damage)
             ... on level 2 of the Dungeon.
             The game lasted 00:01:55 (1507 turns).

Descartes the Sneak (Felid Wanderer)                Turns: 1507, Time: 00:01:56

Health: -2/11      AC:  1    Str:  8    XL:     2   Next: 68%
Magic:  3/4        EV: 17    Int: 14    God:
Gold:   31         SH:  0    Dex: 14    Spells: 1/3 levels left
                                        Lives:  0   Deaths: 0

rFire    . . .     SeeInvis +     - Unarmed
rCold    . . .     Gourm    .   (shield unavailable)
rNeg     . . .     Faith    .   (armour unavailable)
rPois    .         Spirit   .   (helmet unavailable)
rElec    .         Reflect  .   (cloak unavailable)
rCorr    .         Harm     .   (gloves unavailable)
MR       .....                  (boots unavailable)
Stlth    +++.......             (no amulet)
HPRegen  0.03/turn              (no ring)
MPRegen  0.09/turn              (no ring)

@: quick
A: very small, no armour, no weapons or thrown items, stealth, claws 1, fangs 3,
see invisible, carnivore, speed 1, shaggy fur 1, slow metabolism 1, sharp paws
a: no special abilities


You were on level 2 of the Dungeon.
You were very full.

You visited 1 branch of the dungeon, and saw 2 of its levels.

You collected 31 gold pieces.

Inventory:

Missiles
 b - 24 stones
 c - 41 arrows
Jewellery
 f - an uncursed ring of stealth {unknown}
 g - an uncursed ring of see invisible {unknown}
Scrolls
 a - 2 scrolls of teleportation {unknown}
 h - a scroll of remove curse {unknown}
 i - a scroll of identify {unknown}
 j - a scroll of enchant weapon {unknown}
Potions
 e - a potion of brilliance {unknown}
 k - 2 potions of flight {unknown}
Comestibles
 d - 4 rations


   Skills:
 + Level 2.4 Dodging
 * Level 3.3 Stealth
 - Level 1.0 Unarmed Combat
 - Level 1.0 Spellcasting
 - Level 1.7 Fire Magic
 - Level 1.7 Poison Magic
   Level 2.1 Evocations


You had one spell level left.
You knew the following spells:

 Your Spells              Type           Power        Failure   Level  Hunger
a - Foxfire               Conj/Fire      #...         19%         1    ##.....
b - Sting                 Tmut/Pois      #...         19%         1    ##.....

Your spell library contained the following spells:

 Spells                   Type           Power        Failure   Level  Hunger
 Sandblast                Erth           #.....       26%         1    ##.....
 Poisonous Vapours        Pois/Air       #.....       28%         2    ###....
 Ignite Poison            Fire/Tmut/Pois #.......     43%         3    ####...
 Mephitic Cloud           Conj/Pois/Air  #.......     52%         3    ####...
 Stone Arrow              Conj/Erth      #.....       61%         3    ####...
 Olgreb's Toxic Radiance  Pois           #.......     77%         4    #####..


Dungeon Overview and Level Annotations

Branches:
Dungeon (2/15)

Altars:


Innate Abilities, Weirdness & Mutations

You cannot wear armour.
You are incapable of wielding weapons or throwing items.
Your paws allow you to move quietly. (Stealth)
You have sharp claws.
You have razor-sharp teeth.
You have supernaturally acute eyesight. (SInv)
You are carnivorous and can eat meat at any time.
You cover ground quickly.
You are covered in fur. (AC +1)
You have a slow metabolism.
Your sharp claws are effective at attacking unaware monsters.


Message History

The kobold closely misses you.
You closely miss the kobold.
The kobold is moderately wounded.
The kobold hits you with a +0 whip.
You closely miss the kobold. Your bite misses the kobold.
The kobold is moderately wounded.
The kobold closely misses you.
You closely miss the kobold.
The kobold is moderately wounded.
The kobold hits you with a +0 whip.
You scratch the kobold.
The kobold is severely wounded.
The kobold hits you with a +0 whip.
* * * LOW HITPOINT WARNING * * *
You are too injured to fight recklessly!
You are too injured to fight recklessly!
Casting: Foxfire (safe; 19% risk of failure)
Confirm with . or Enter, or press ? or * to list all spells.
You conjure some foxfire!
The kobold hits you with a +0 whip.
You die...

## ##.#.##
#.....+
#...#.##
#.#.##.#
######.#
#....#
#.#### #.#
####@#####
#..vKv...#
#.##.###.#
# #.# #.#
#.. ###


You could see a kobold.

Vanquished Creatures
  A dart slug (D:1)
  A ball python (D:1)
  3 bats (D:1)
  A giant cockroach (D:1)
  3 goblins (D:1)
  A hobgoblin (D:1)
  5 kobolds (D:1)
  4 rats (D:1)
19 creatures vanquished.

Vanquished Creatures (others)
  2 foxfires (D:1)
2 creatures vanquished.

Grand Total: 21 creatures vanquished

Notes
Turn   | Place    | Note
-------+----------+-------------------------------------------
     0 | D:1      | Descartes the Felid Wanderer began the quest for the Orb.
     0 | D:1      | Descartes set off with the following items: a ration; and
                  | the following spells available to memorise: Foxfire, Sting,
                  | Sandblast, Poisonous Vapours, Ignite Poison, Mephitic
                  | Cloud, Stone Arrow, Olgreb's Toxic Radiance
     0 | D:1      | Reached XP level 1. HP: 7/7 MP: 3/3
     2 | D:1      | Learned a level 1 spell: Foxfire
     4 | D:1      | Learned a level 1 spell: Sting
   162 | D:1      | Reached skill level 2 in Stealth
   430 | D:1      | Reached XP level 2. HP: 7/11 MP: 4/4
   716 | D:1      | Reached skill level 3 in Stealth
  1507 | D:2      | Slain by a kobold

Illustrated notes

Levels and vault maps discovered:
D:1:      tarquinn_simple_flora_water_e, layout_basic
D:2:      layout_loops_corners

Skill      XL: |  1  2 |
---------------+-------+-----
Stealth        | 2 3 |  3.3
Dodging        | 2 |  2.4
Unarmed Combat | |  1.0
Spellcasting   | |  1.0
Fire Magic     | |  1.7
Poison Magic   | |  1.7
Evocations     | |  2.1

Action                   || total
-------------------------++-------
Melee: Unarmed           ||    54
       Bite              ||     7
 Cast: Foxfire           ||     5
 Stab: Sleeping          ||     4
  Eat: Chunk             ||     8
Armor: Skin              ||     2
Dodge: Dodged            ||    46
